 Dungeon Crawl Stone Soup version 0.29.0-4-gdea44cf6ec (webtiles) character file.

Game seed: 12643460368083497171

478 qw the Chopper (level 7, 0/41 HPs)
             Began as a Tengu Warper on Aug 28, 2022.
             Slain by Pikel
             ... wielding a +1 whip of flaming
              (2 damage)
             ... on level 4 of the Dungeon.
             The game lasted 00:00:26 (4295 turns).

qw the Chopper (Tengu Warper)                       Turns: 4295, Time: 00:00:26

Health: 0/41       AC:  8    Str: 13    XL:     7   Next: 11%
Magic:  0/11       EV: 15    Int: 13    God:
Gold:   156        SH:  0    Dex: 14    Spells: 10/10 levels left

rFire   . . .      SeeInvis .   Y - +1 hand axe (vorpal)
rCold   . . .      Faith    .   (no shield)
rNeg    . . .      Spirit   +   o - +0 chain mail
rPois   .          Reflect  .   (helmet restricted)
rElec   .          Harm     .   (no cloak)
rCorr   .          Rampage  .   (no gloves)
Will    .....                   (boots unavailable)
Stlth   ..........              b - amulet of guardian spirit
HPRegen 0.13/turn               g - +4 ring of evasion
MPRegen 0.12/turn               k - +4 ring of evasion

@: flying quickly and evasively, quick
A: beak, talons 3, nimble flight
a: no special abilities


You were on level 4 of the Dungeon.
You visited 1 branch of the dungeon, and saw 4 of its levels.

You collected 156 gold pieces.


Innate Abilities, Weirdness & Mutations

You have a beak for a mouth.
You have claws for feet.
Your magical nature lets you fly swiftly and evasively.


   Skills:
 - Level 3.2 Fighting
 + Level 7.3 Axes
 - Level 1.0 Throwing
 - Level 2.4 Armour
 - Level 2.1 Dodging
 - Level 2.0 Spellcasting
 - Level 2.4 Translocations


You had 10 spell levels left.
You didn't know any spells.
Your spell library contained the following spells:

 Spells                   Type           Power      Damage    Failure   Level
 Blink                    Tloc           14%        N/A       99%         2
 Gell's Gravitas          Tloc           7%         N/A       100%        3
 Lesser Beckoning         Tloc           7%         N/A       100%        3
 Teleport Other           Tloc           7%         N/A       100%        3
 Manifold Assault         Tloc           7%         N/A       100%        5

Inventory:

Hand Weapons
 j - a +0 mace
 Y - a +1 vorpal hand axe (weapon)
Armour
 o - a +0 chain mail (worn)
Jewellery
 b - an amulet of guardian spirit (around neck)
 g - a +4 ring of evasion (left hand)
 k - a +4 ring of evasion (right hand)
Scrolls
 l - a scroll of identify
Potions
 a - 2 potions of curing
 c - a potion of attraction {unknown}
 h - a potion of heal wounds {unknown}
 i - a potion of might
 p - a potion of magic {unknown}

Dungeon Overview and Level Annotations

Branches:
Dungeon (4/15)
 Temple: D:4-7

Altars:
Dithmenos
Kikubaaqudgha
Makhleb
Nemelex Xobeh
Sif Muna
Uskayaw
Wu Jian
Xom
Yredelemnul
The Shining One

Annotations:
D:3 1 runed translucent door, Crazy Yiuf
D:4 Pikel


Message History

You miss the lemure. Your kick misses the lemure.
The lemure is severely wounded.
You closely miss Pikel. The lemure hits you. Pikel closely misses you.
You barely miss the lemure. Your kick misses the lemure.
You peck the lemure, but do no damage.
The lemure is severely wounded.
You hit Pikel. The lemure hits you.
Pikel hits you with a +1 whip of flaming.
Pikel burns you.
A giant cockroach comes into view.
You hit the lemure. You peck the lemure, but do no damage.
The lemure is severely wounded.
You hit Pikel but do no damage. The lemure closely misses you.
Pikel closely misses you.
You hit the lemure. Your kick misses the lemure.
The lemure is almost dead.
You hit Pikel but do no damage. The lemure hits you.
Pikel hits you with a +1 whip of flaming.
Pikel burns you.
You barely miss the lemure. You claw the lemure.
You kill the lemure!
That felt strangely unrewarding.
You closely miss Pikel. Pikel hits you but does no damage.
You closely miss Pikel. Your kick misses Pikel. You peck Pikel.
Pikel is lightly wounded.
You hit the giant cockroach. The giant cockroach barely misses you.
Pikel hits you with a +1 whip of flaming.
Pikel burns you.
You hit the giant cockroach.
You kill the giant cockroach!
You closely miss Pikel. Pikel closely misses you.
You hit Pikel but do no damage. You claw Pikel, but do no damage.
Pikel is lightly wounded.
Pikel hits you with a +1 whip of flaming.
You die...

## #../.#......#...> #.P
#.......##....
##7.#######...##...#....
........#.....###.#.....
#.............##........
.###...(#...<)........#
#...###..#........##
###..#..##..##....#
#@.#..###.#....##
#...K.###.........####
#..##.....^....######.
.... #.###.......####..
#.. ..##.........##...
## ..#..........#....
.#...##........... .. ..
#.#..##.....
#..#...#...#.


You could see Pikel.

Vanquished Creatures
  Grinder (D:3)
  3 lemures (D:4)
  2 necrophages (D:3)
  Jessica (D:3)
  An iguana (D:4)
  3 adders
  A worm (D:2)
  3 dart slugs (D:1)
  An orc (D:3)
  5 ball pythons
  7 bats
  6 endoplasms
  3 giant cockroaches
  6 goblins
  7 hobgoblins
  3 jackals (D:2)
  6 kobolds
  A quokka (D:1)
  8 frilled lizards
  9 rats
77 creatures vanquished.

Vanquished Creatures (others)
  3 plants (D:4)
3 creatures vanquished.

Grand Total: 80 creatures vanquished

Notes
Turn   | Place    | Note
-------+----------+-------------------------------------------
     0 | D:1      | qw the Tengu Warper began the quest for the Orb.
     0 | D:1      | Reached XP level 1. HP: 12/12 MP: 4/4
     0 | D:1      | 0 ||| qw: Version: 0.1-a-89-g26bdef1
     0 | D:1      | 0 ||| qw: Game counter: 1537
     0 | D:1      | 0 ||| qw: Always use a shield: true
     0 | D:1      | 0 ||| qw: God list: Okawaru
     0 | D:1      | 0 ||| qw: Allow faded altars: false
     0 | D:1      | 0 ||| qw: Do Orc after D:15 true
     0 | D:1      | 0 ||| qw: Do second Lair branch before Depths: true
     0 | D:1      | 0 ||| qw: Lair rune preference: random
     0 | D:1      | 0 ||| qw: Plans: Normal
     0 | D:1      | 0 ||| PLANNING D:1-11
     4 | D:1      | 4 ||| Stepping ~*~*~tactically~*~*~ (stealth).
     5 | D:1      | 5 ||| Stepping ~*~*~tactically~*~*~ (stealth).
     6 | D:1      | 6 ||| Stepping ~*~*~tactically~*~*~ (stealth).
    20 | D:1      | 20 ||| Stepping ~*~*~tactically~*~*~ (stealth).
   172 | D:1      | 172 ||| Stepping ~*~*~tactically~*~*~ (stealth).
   174 | D:1      | 174 ||| Stepping ~*~*~tactically~*~*~ (hiding).
   181 | D:1      | Reached skill level 3 in Axes
   181 | D:1      | Reached XP level 2. HP: 17/17 MP: 6/6
   222 | D:1      | 222 ||| Stepping ~*~*~tactically~*~*~ (stealth).
   223 | D:1      | 223 ||| Stepping ~*~*~tactically~*~*~ (stealth).
   353 | D:1      | Found a faded altar of an unknown god.
   469 | D:1      | 469 ||| Stepping ~*~*~tactically~*~*~ (hiding).
   576 | D:1      | 576 ||| Stepping ~*~*~tactically~*~*~ (hiding).
   686 | D:1      | Reached XP level 3. HP: 18/21 MP: 7/7
  1003 | D:1      | Reached skill level 4 in Axes
  1067 | D:1      | 1067 ||| Stepping ~*~*~tactically~*~*~ (hiding).
  1173 | D:1      | 1173 ||| Stepping ~*~*~tactically~*~*~ (hiding).
  1530 | D:1      | 1530 ||| Stepping ~*~*~tactically~*~*~ (stealth).
  1531 | D:1      | 1531 ||| Stepping ~*~*~tactically~*~*~ (stealth).
  1546 | D:1      | 1546 ||| Stepping ~*~*~tactically~*~*~ (stealth).
  1650 | D:1      | 1650 ||| UPGRADING to +4 ring of evasion.
  1651 | D:1      | 1651 ||| READING scroll labelled GOUPHOFEQOUF.
  1652 | D:1      | 1652 ||| READING scroll labelled YTEWNO WUOCW.
  1653 | D:1      | 1653 ||| READING scroll labelled BYELAIGRO VUATZ.
  1654 | D:1      | 1654 ||| READING scroll labelled GOLYUGOCOCK.
  1655 | D:1      | 1655 ||| DROPPING scroll of blinking.
  1719 | D:2      | Identified the +0 robe of Nojeozxudgh {rF++ Stlth+}
  1790 | D:2      | 1790 ||| Stepping ~*~*~tactically~*~*~ (stealth).
  1791 | D:2      | 1791 ||| Stepping ~*~*~tactically~*~*~ (stealth).
  1794 | D:2      | 1794 ||| Stepping ~*~*~tactically~*~*~ (stealth).
  1799 | D:2      | 1799 ||| Stepping ~*~*~tactically~*~*~ (stealth).
  1805 | D:2      | 1805 ||| Stepping ~*~*~tactically~*~*~ (stealth).
  1810 | D:2      | 1810 ||| Stepping ~*~*~tactically~*~*~ (stealth).
  1815 | D:2      | 1815 ||| Stepping ~*~*~tactically~*~*~ (stealth).
  1838 | D:2      | 1838 ||| Stepping ~*~*~tactically~*~*~ (stealth).
  1918 | D:2      | 1918 ||| Stepping ~*~*~tactically~*~*~ (stealth).
  1919 | D:2      | 1919 ||| Stepping ~*~*~tactically~*~*~ (stealth).
  1944 | D:2      | 1944 ||| Stepping ~*~*~tactically~*~*~ (stealth).
  1945 | D:2      | 1945 ||| Stepping ~*~*~tactically~*~*~ (stealth).
  1947 | D:2      | 1947 ||| Stepping ~*~*~tactically~*~*~ (stealth).
  2058 | D:2      | Reached XP level 4. HP: 26/26 MP: 8/8
  2116 | D:2      | 2116 ||| Stepping ~*~*~tactically~*~*~ (stealth).
  2523 | D:2      | 2523 ||| Stepping ~*~*~tactically~*~*~ (stealth).
  2683 | D:2      | 2683 ||| UPGRADING to +0 robe of Nojeozxudgh {rF++ Stlth+}.
  2693 | D:2      | 2693 ||| DROPPING +0 leather armour.
  2694 | D:2      | 2694 ||| UPGRADING to +0 scale mail.
  2704 | D:2      | 2704 ||| UPGRADING to +4 ring of evasion.
  2705 | D:2      | 2705 ||| READING scroll labelled CEGARGHINKI.
  2706 | D:2      | 2706 ||| DRINKING 3 pink potions.
  2707 | D:2      | 2707 ||| DRINKING 2 bubbling coppery potions.
  2731 | D:3      | 2731 ||| STAIRDANCE
  2735 | D:2      | Reached skill level 5 in Axes
  2854 | D:3      | Noticed Grinder
  2855 | D:3      | 2855 ||| Stepping ~*~*~tactically~*~*~ (hiding).
  2856 | D:3      | 2856 ||| Stepping ~*~*~tactically~*~*~ (hiding).
  2863 | D:3      | 2863 ||| FLEEEEING.
  2864 | D:3      | 2864 ||| FLEEEEING.
  2865 | D:3      | 2865 ||| FLEEEEING.
  2879 | D:3      | 2879 ||| Stepping ~*~*~tactically~*~*~ (hiding).
  2882 | D:3      | Paralysed by Grinder for 5 turns
  2889 | D:3      | Noticed a necrophage
  2890 | D:3      | Killed Grinder
  2891 | D:3      | Reached skill level 7 in Axes
  2891 | D:3      | Gained mutation: Your magical nature lets you fly swiftly
                  | and evasively. [Tengu growth]
  2891 | D:3      | Reached XP level 5. HP: 27/30 MP: 9/9
  2891 | D:3      | Reached XP level 6. HP: 32/35 MP: 10/10
  2960 | D:3      | Found an ancient bone altar of Kikubaaqudgha.
  3111 | D:3      | Found a runed translucent door.
  3112 | D:3      | Noticed Crazy Yiuf
  3193 | D:3      | Noticed Jessica
  3197 | D:3      | Killed Jessica
  3198 | D:3      | Reached skill level 3 in Fighting
  3417 | D:3      | Found a shimmering altar of Xom.
  3422 | D:3      | Found a glowing golden altar of the Shining One.
  3423 | D:3      | Found a sparkling altar of Nemelex Xobeh.
  3424 | D:3      | Found an ornate altar of the Wu Jian Council.
  3424 | D:3      | Found a shadowy altar of Dithmenos.
  3425 | D:3      | Found a shimmering blue altar of Sif Muna.
  3426 | D:3      | Found a hide-covered altar of Uskayaw.
  3427 | D:3      | Found a burning altar of Makhleb.
  3429 | D:3      | Found a basalt altar of Yredelemnul.
  3527 | D:3      | 3527 ||| DROPPING +0 robe of Nojeozxudgh {rF++ Stlth+}.
  3528 | D:3      | 3528 ||| UPGRADING to +0 chain mail.
  3538 | D:3      | 3538 ||| DROPPING +0 scale mail.
  3539 | D:3      | 3539 ||| UPGRADING to amulet of guardian spirit.
  3544 | D:3      | 3544 ||| READING scroll labelled YCUNGYR JUTIC.
  3609 | D:3      | 3609 ||| READING 3 scrolls labelled FIJ JERRIEFRIT.
  3610 | D:3      | 3610 ||| READING scroll labelled YZOFONIOQO.
  3611 | D:3      | 3611 ||| READING 2 scrolls of identify.
  3611 | D:3      | 3611 ||| IDENTIFYING fuming green potion
  3612 | D:3      | 3612 ||| DROPPING potion of lignification.
  3613 | D:3      | 3613 ||| DROPPING 2 scrolls of magic mapping.
  3614 | D:3      | 3614 ||| Stepping randomly (stuck).
  3615 | D:3      | 3615 ||| Stepping ~*~*~tactically~*~*~ (cloud).
  3823 | D:4      | 3823 ||| STAIRDANCE
  3899 | D:4      | 3899 ||| STAIRDANCE
  3905 | D:3      | Reached XP level 7. HP: 41/41 MP: 11/11
  3980 | D:4      | 3980 ||| STAIRDANCE
  4277 | D:4      | Noticed Pikel
  4291 | D:4      | HP: 9/41 [lemure[Pikel] (2)]
  4293 | D:4      | HP: 3/41 [Pikel/+1 whip of flaming (4)]
  4295 | D:4      | Slain by Pikel

Levels and vault maps discovered:
D:1:      dpeg_arrival_morbid_curiosity, layout_basic,
          hellmonk_ecumenical_altar_pennies_from_heaven
D:2:      layout_loops_ring, minmay_tetromino_l4
D:3:      layout_rooms, mainiacjoe_overflow_cross_hatched, minitemple,
          uniq_grinder, uniq_jessica, uniq_crazy_yiuf_cottage
D:4:      kennysheep_kobold_camp, layout_cave_pools, uniq_pikel

Skill      XL: |  1  2  3  4  5  6 |
---------------+-------------------+-----
Axes           | 3 4 7 |  7.3
Fighting       | 3 |  3.2
Armour         | 2 |  2.4
Throwing       | |  1.0
Dodging        | |  2.1
Spellcasting   | |  2.0
Translocations | |  2.4

Action                   |  1- 3 |  4- 6 |  7- 9 || total
-------------------------+-------+-------+-------++-------
Melee: Hand axe          |    90 |    71 |    35 ||   196
       Kick              |    18 |    14 |     7 ||    39
       Peck              |    17 |    11 |     6 ||    34
Throw: Boomerang         |     7 |       |       ||     7
  Use: Scroll            |     4 |     5 |       ||     9
       Potion            |       |     2 |       ||     2
Armor: Leather armour    |    12 |     5 |       ||    17
       Scale mail        |       |     6 |       ||     6
       Chain mail        |       |     3 |     6 ||     9
Dodge: Dodged            |    39 |    41 |    23 ||   103

Table legend:
 A = Non-vault XP
 B = Vault XP
 C = Vault XP percentage of total XP
 D = Non-vault monster count
 E = Vault monster count
 F = Vault count percentage of total count
                 A         B        C        D         E       F
            +---------+---------+-------+---------+---------+-------
      Total |     348 |     336 |  49.1 |      65 |       9 |  12.2
            +---------+---------+-------+---------+---------+-------
        D:1 |      51 |      10 |  16.4 |      28 |       5 |  15.2
        D:2 |      50 |       3 |   5.7 |      23 |       2 |   8.0
        D:3 |     193 |     323 |  62.6 |      10 |       2 |  16.7
        D:4 |      54 |       0 |   0.0 |       4 |       0 |   0.0
            +---------+---------+-------+---------+---------+-------
